 Dungeon Crawl Stone Soup version 0.16.2-12-gd0ad4c3 (webtiles) character file.

5195 faibistes the Thaumaturge (level 10, -3/58 HPs)
             Began as a Deep Elf Wizard on Mar 9, 2019.
             Was a Believer of Sif Muna.
             Slain by an ogre
             ... wielding a +0 giant club
              (31 damage)
             ... on level 10 of the Dungeon on Mar 12, 2019.
             The game lasted 00:47:12 (15793 turns).

faibistes the Thaumaturge (Deep Elf Wizard)        Turns: 15793, Time: 00:47:13

Health: -3/58      AC:  7    Str:  4    XL:     10   Next: 34%
Magic:  8/32       EV: 16    Int: 27    God:    Sif Muna [**....]
Gold:   97         SH:  0    Dex: 13    Spells: 9 memorised, 8 levels left

rFire  . . .     SeeInvis .     w - +4 dagger (venom)
rCold  . . .     Clarity  .     a - +0 robe
rNeg   . . .     SustAb   .     (no shield)
rPois  .         Gourm    .     b - +1 hat
rElec  .         Spirit   .     F - +1 cloak
rCorr  .         Warding  .     (no gloves)
rMut   .         Stasis   .     O - +1 pair of boots
MR     +....                    (no amulet)
Stlth  ++........               (no ring)
                                (no ring)

@: repel missiles, somewhat resistant to hostile enchantments, unstealthy
A: no striking features
a: Channel Energy, Forget Spell, Renounce Religion


You were on level 10 of the Dungeon.
You worshipped Sif Muna.
Sif Muna was pleased with you.
You were very hungry.

You visited 2 branches of the dungeon, and saw 12 of its levels.

You collected 362 gold pieces.
You spent 265 gold pieces at shops.

Inventory:

Hand weapons
 e - a +0 short sword
 n - a +1 dagger of flaming
 q - a +1 hand axe of chopping
 u - the +10 dagger "Shoig" {vamp, rC+ Str+2 Int-3 Dex+4}
   (You found it on level 4 of the Dungeon)

   It inflicts no extra harm, but heals its wielder somewhat when it strikes a
   living foe.
   It affects your strength (+2).
   It affects your intelligence (-3).
   It affects your dexterity (+4).
   It protects you from cold.
 w - a +4 dagger of venom (weapon)
 G - a +1 dagger of venom
 J - a +2 dagger of draining
Armour
 a - a +0 robe (worn)
 b - a +1 hat (worn)
 F - a +1 cloak (worn)
 O - a +1 pair of boots (worn)
Magical devices
 m - a wand of fireball (0)
 x - a wand of confusion (23)
Scrolls
 f - 5 scrolls of teleportation
 g - 4 scrolls of remove curse
 i - 2 scrolls of recharging
 j - a scroll of fear
 l - 2 scrolls of enchant armour
 o - a scroll of magic mapping
 H - 2 scrolls of fog
Potions
 k - 3 potions of curing
 p - 2 potions of mutation
 r - a potion of flight
 t - 2 potions of heal wounds
 v - 4 potions of magic
 C - a potion of experience {unknown}
 D - a potion of might {unknown}
 E - 3 potions of restore abilities
 K - 2 potions of resistance
 M - a potion of lignification {unknown}
Books
 c - a book of Minor Magic

   Spells                             Type                      Level
   a - Magic Dart                     Conjuration                  1
   b - Blink                          Translocation                2
   c - Call Imp                       Summoning                    2
   d - Repel Missiles                 Charms/Air                   2
   e - Slow                           Hexes                        2
   f - Conjure Flame                  Conjuration/Fire             3
   g - Mephitic Cloud                 Conjuration/Poison/Air       3
 y - a book of Unlife

   Spells                             Type                      Level
   a - Recall                         Summoning/Translocation      3
   b - Animate Dead                   Necromancy                   4
   c - Control Undead                 Necromancy                   4
   d - Cigotuvi's Embrace             Necromancy                   5
   e - Death Channel                  Necromancy                   6
   f - Simulacrum                     Ice/Necromancy               6
 A - a book of Air

   Spells                             Type                      Level
   a - Shock                          Conjuration/Air              1
   b - Swiftness                      Charms/Air                   2
   c - Repel Missiles                 Charms/Air                   2
   d - Flight                         Charms/Air                   3
   e - Static Discharge               Conjuration/Air              3
   f - Lightning Bolt                 Conjuration/Air              5
 I - a book of Envenomations

   Spells                             Type                      Level
   a - Spider Form                    Transmutation/Poison         3
   b - Alistair's Intoxication        Transmutation/Poison         4
   c - Olgreb's Toxic Radiance        Poison                       4
   d - Poisonous Cloud                Conjuration/Poison/Air       6
Comestibles
 d - 13 bread rations
 h - 5 meat rations
 B - a fruit
 L - 7 beef jerkies
 N - 2 slices of pizza


   Skills:
 + Level 4.8 Fighting
 + Level 7.4 Dodging
 - Level 2.4 Stealth
 * Level 11.5 Spellcasting
 + Level 5.4 Conjurations
 + Level 1.5 Charms
 - Level 1.1 Summonings
 * Level 2.0 Necromancy
 + Level 3.0 Translocations
 * Level 3.8 Fire Magic
 * Level 4.0 Air Magic
 - Level 2.6 Poison Magic
 * Level 2.1 Invocations
 + Level 4.2 Evocations


You had 8 spell levels left.
You knew the following spells:

 Your Spells              Type           Power        Failure   Level  Hunger
a - Magic Dart            Conj           ####         1%          1    None
b - Conjure Flame         Conj/Fire      #####...     1%          3    None
c - Call Imp              Summ           ###.....     4%          2    None
d - Blink                 Tloc           N/A          1%          2    None
e - Mephitic Cloud        Conj/Pois/Air  #####...     2%          3    None
f - Repel Missiles        Chrm/Air       ####..       1%          2    None
h - Swiftness             Chrm/Air       ####....     1%          2    None
i - Animate Dead          Necr           N/A          21%         4    None
v - Lightning Bolt        Conj/Air       #####.....   17%         5    ###....


Dungeon Overview and Level Annotations

Branches:
Dungeon (11/15)            Temple (1/1) D:7             Orc (0/4) D:9
   Lair: D:8-11

Altars:
Ashenzari
Cheibriados
Dithmenos
Elyvilon
Fedhas
Gozag
Kikubaaqudgha
Makhleb
Nemelex Xobeh
Okawaru
Qazlal
Ru
Sif Muna
Trog
Vehumet
Xom
Yredelemnul
Zin
The Shining One

Shops:
D:5 *   D:6 *   D:7 *


Message History

The ogre is lightly wounded.
The ogre is engulfed in noxious fumes.
The ogre appears confused.
The ogre mumbles something.
Casting: Magic Dart
Confirm with . or Enter, or press ? or * to list all spells.
Aiming: Magic Dart
Press: ? - help, Shift-Dir - straight line, f/p - ogre
Aim: an ogre, wielding a giant club (lightly wounded, bewildered and confused)
The magic dart hits the ogre.
The ogre is moderately wounded.
Casting: Magic Dart
Confirm with . or Enter, or press ? or * to list all spells.
Aiming: Magic Dart
Press: ? - help, Shift-Dir - straight line, f/p - ogre
Aim: an ogre, wielding a giant club (moderately wounded, bewildered and confused)
The magic dart hits the ogre.
The ogre is heavily wounded.
The ogre hits you with a giant club!!
Ouch! That really hurt!
You die...

#############
#...........#
#....>......#
#.....Z.....#
#.....Z@....#
#.......O...#
#.<.<...§§..#
#.......§.§.#
#........§§.#
#.....).....##
#................
#...............
###########..###


You could see an ogre (confused), a friendly water moccasin zombie and a
friendly kobold zombie.

Vanquished Creatures
  A gargoyle (D:10)
  A two-headed ogre (D:9)
  3 yaks (D:9)
  A hungry ghost (D:6)
  A sky beast (D:6)
  2 orc warriors
  2 ogres (D:8)
  3 ice beasts
  5 centaurs
  2 phantoms
  A big kobold (D:4)
  7 giant frogs
  3 scorpions
  4 wights
  9 killer bees
  2 goliath beetles
  2 centaur zombies (D:6)
  4 hounds
  A jelly (D:9)
  2 crimson imps
  Crazy Yiuf (D:5)
  5 orc priests
  4 iguanas
  A giant frog skeleton (D:6)
  8 orc wizards
  Natasha (thrice) (D:6)
  5 worker ants
  Terence (D:3)
  A worker ant zombie (D:9)
  10 adders
  9 gnolls
  3 shadow imps (D:5)
  2 worms
  3 giant mites
  3 adder skeletons
  An adder zombie (D:9)
  3 oozes
  31 orcs
  2 ball pythons
  A bat zombie (D:6)
  8 giant cockroaches
  22 goblins
  18 hobgoblins
  26 kobolds
  9 quokkas
  11 bats
  7 giant geckos
  2 giant gecko skeletons (D:4)
  4 giant newts
  2 giant spores
  12 jackals
  2 quokka skeletons (D:5)
  10 rats
  18 ballistomycetes
  A plant (D:4)
305 creatures vanquished.

Vanquished Creatures (collateral kills)
  A water moccasin (D:10)
  A centaur (D:9)
  A big kobold (D:10)
  A giant frog (D:3)
  3 killer bees (D:9)
  An orc priest (D:4)
  A worm (D:3)
  An ooze (D:1)
  7 orcs
  2 hobgoblins (D:1)
  6 jackals (D:1)
  A giant newt (D:1)
26 creatures vanquished.

Vanquished Creatures (others)
  A killer bee zombie (D:10)
  A worker ant zombie (D:10)
  A shadow imp (D:6)
  4 giant spores (D:8)
7 creatures vanquished.

Grand Total: 338 creatures vanquished

Notes
Turn   | Place    | Note
--------------------------------------------------------------
     0 | D:1      | faibistes, the Deep Elf Wizard, began the quest for the Orb.
     0 | D:1      | Reached XP level 1. HP: 10/10 MP: 6/6
   368 | D:1      | Reached XP level 2. HP: 9/15 MP: 0/10
   375 | D:1      | Learned a level 2 spell: Blink
   378 | D:1      | Learned a level 2 spell: Call Imp
   755 | D:2      | Reached skill level 5 in Spellcasting
  1515 | D:1      | Reached XP level 3. HP: 19/19 MP: 11/14
  1520 | D:1      | Learned a level 3 spell: Conjure Flame
  1524 | D:1      | Learned a level 3 spell: Mephitic Cloud
  1820 | D:1      | Found a glowing golden altar of the Shining One.
  2289 | D:4      | Reached XP level 4. HP: 24/24 MP: 1/17
  2417 | D:3      | Learned a level 2 spell: Repel Missiles
  2739 | D:2      | Found an opulent altar of Gozag.
  3338 | D:3      | Reached skill level 6 in Spellcasting
  3338 | D:3      | Reached XP level 5. HP: 28/28 MP: 14/20
  3499 | D:3      | Noticed Terence
  3508 | D:3      | Killed Terence
  3586 | D:3      | Noticed a scorpion
  3608 | D:3      | Killed a scorpion
  3791 | D:3      | Noticed a giant frog
  3817 | D:3      | Killed a giant frog
  3832 | D:3      | Reached XP level 6. HP: 17/32 MP: 10/22
  4548 | D:4      | Noticed a scorpion
  4555 | D:4      | Killed a scorpion
  4666 | D:4      | Noticed a phantom
  4729 | D:4      | Killed a phantom
  4729 | D:4      | Reached skill level 7 in Spellcasting
  5107 | D:4      | Noticed a big kobold
  5400 | D:5      | Entered Level 5 of the Dungeon
  5405 | D:5      | Reached skill level 1 in Fighting
  5405 | D:5      | Reached XP level 7. HP: 31/38 MP: 19/25
  5650 | D:4      | Killed a big kobold
  5825 | D:4      | Found a glowing golden altar of the Shining One.
  5841 | D:4      | Got a slimy dagger
  5895 | D:4      | Identified the +10 dagger "Shoig" {vamp, rC+ Str+2 Int-3 Dex+4} (You found it on level 4 of the Dungeon)
  6284 | D:5      | Found Pyanoa's General Store.
  6287 | D:5      | Bought a potion of magic for 104 gold pieces
  6287 | D:5      | Bought a scroll of teleportation for 39 gold pieces
  6491 | D:5      | Reached skill level 5 in Dodging
  6491 | D:5      | Reached skill level 8 in Spellcasting
  6776 | D:4      | Found a sparkling altar of Nemelex Xobeh.
  6776 | D:4      | Found an ancient bone altar of Kikubaaqudgha.
  6776 | D:4      | Found a radiant altar of Vehumet.
  6776 | D:4      | Found an iron altar of Okawaru.
  7084 | D:5      | Reached skill level 1 in Evocations
  7230 | D:5      | Noticed Crazy Yiuf
  7235 | D:5      | Killed Crazy Yiuf
  7623 | D:6      | Noticed Natasha
  7630 | D:6      | Killed Natasha
  7804 | D:6      | Reached XP level 8. HP: 43/46 MP: 15/28
  7925 | D:7      | Reached skill level 9 in Spellcasting
  7955 | D:6      | Noticed Natasha
  7958 | D:6      | Killed Natasha
  9380 | D:6      | Noticed Natasha
  9383 | D:6      | Killed Natasha
  9386 | D:6      | Found Pyekaen's Assorted Antiques.
  9514 | D:6      | Bought a scroll labeled XEOJIFEOXE for 25 gold pieces
  9514 | D:6      | Bought a scroll labeled KHAKLOTSUE for 25 gold pieces
  9514 | D:6      | Bought a runed dagger for 50 gold pieces
  9514 | D:6      | Bought a glowing orange potion for 22 gold pieces
  9673 | D:6      | Reached skill level 10 in Spellcasting
  9919 | D:7      | Found Genasis' Assorted Antiques.
 10015 | D:7      | Found a staircase to the Ecumenical Temple.
 10024 | D:7      | Reached XP level 9. HP: 35/52 MP: 20/30
 10235 | Temple   | Entered the Ecumenical Temple
 10277 | Temple   | Became a worshipper of Sif Muna the Loreminder
 10378 | D:7      | Reached skill level 1 in Poison Magic
 10548 | D:8      | Reached skill level 1 in Fire Magic
 10596 | D:7      | Reached skill level 1 in Air Magic
 11073 | D:8      | Acquired Sif Muna's first power
 12123 | D:8      | Reached skill level 5 in Conjurations
 12285 | D:8      | Reached skill level 11 in Spellcasting
 12453 | D:8      | Found a blossoming altar of Fedhas.
 12453 | D:8      | Found a snail-covered altar of Cheibriados.
 12454 | D:8      | Found a shadowy altar of Dithmenos.
 12552 | D:8      | Found a stormy altar of Qazlal.
 12552 | D:8      | Found a white marble altar of Elyvilon.
 12552 | D:8      | Found a shimmering altar of Xom.
 13387 | D:8      | Acquired Sif Muna's second power
 13686 | D:9      | Learned a level 5 spell: Lightning Bolt
 13691 | D:9      | Learned a level 4 spell: Animate Dead
 13694 | D:9      | Learned a level 2 spell: Swiftness
 13736 | D:9      | Reached XP level 10. HP: 32/58 MP: 9/32
 13756 | D:9      | Reached skill level 1 in Charms
 13980 | D:9      | Found a staircase to the Orcish Mines.
 14259 | D:10     | Entered Level 10 of the Dungeon
 14379 | D:9      | Reached skill level 1 in Necromancy
 14379 | D:9      | Reached skill level 1 in Invocations
 15793 | D:10     | Slain by an ogre

Action                   |  1- 3 |  4- 6 |  7- 9 | 10-12 || total
-------------------------+-------+-------+-------+-------++-------
Melee: Dagger            |     1 |    21 |   241 |    34 ||   297
       Hand axe          |       |     1 |       |       ||     1
 Cast: Magic Dart        |   102 |   153 |   524 |    59 ||   838
       Call Imp          |    11 |    11 |     2 |     5 ||    29
       Mephitic Cloud    |     2 |    10 |    31 |    12 ||    55
       Conjure Flame     |     1 |    13 |    35 |     8 ||    57
       Repel Missiles    |       |     1 |     2 |     1 ||     4
       Blink             |       |     2 |    10 |    12 ||    24
       Animate Dead      |       |       |       |     6 ||     6
Evoke: Wand              |       |       |     2 |     4 ||     6
  Use: Scroll            |       |     4 |    13 |     3 ||    20
 Stab: Confused          |       |       |     3 |       ||     3
  Eat: Chunk             |     4 |     9 |    25 |     4 ||    42
       Bread ration      |       |       |     1 |       ||     1
       Pizza             |       |       |     1 |       ||     1
       Fruit             |       |       |       |     2 ||     2
